Map: Lightshade LE

Players

Reynor - Winner!

  • Race: Zerg Zerg

DPGrogue (Rogue)

  • Race: Zerg Zerg

Event: DreamHack SC2 Masters 2021 Summer

VOD

Have the link to the VOD?

Description

Time

  • Played on: July 4, 2021, 10:26 a.m.
  • Length: 7:24

All games in this series

Show
View Real Time Build Order
Export as new Build Order

Reynor Zerg - Winner!

Build Orders: Pool First 

Get SALT Encoding   

  12  0:16  Spawning Pool  
  11  0:21  Drone  
  11  0:26  Drone  
  13  0:30  Drone  
  14  0:39  Overlord  
  14  1:03  Zergling x4  
  16  1:05  Zergling x2  
  17  1:16  Zergling x2  
  17  1:17  Hatchery  
  17  1:26  Zergling x2  
  18  1:33  Queen  
  18  1:37  Zergling x2  
  21  1:48  Overlord  
  21  1:59  Drone  
  22  2:09  Drone, Queen  
  25  2:22  Drone  
  24  2:32  Drone x2  
  24  2:35  Queen  
  27  2:40  Drone  
  27  2:42  Overlord  
  27  2:44  Drone x2  
  27  2:48  Extractor  
  27  2:49  Drone  
  29  2:52  Drone  
  30  2:59  Drone  
  30  3:02  Drone  
  31  3:09  Zergling x2  
  31  3:11  Queen  
  33  3:14  Zergling x2  
  33  3:15  Zergling x2  
  33  3:17  Zergling x2  
  36  3:20  Zergling x2  
  36  3:23  Zergling x2  
  36  3:25  Zergling x2  
  39  3:27  Zergling x2  
  39  3:30  Zergling x2  
  41  3:36  Overlord  
  41  3:38  Drone  
  41  3:40  Drone  
  42  3:52  Drone  
  43  3:57  Drone x2  
  43  3:58  Drone  
  43  4:01  Drone x2  
  47  4:06  Metabolic Boost  
  47  4:13  Baneling Nest  
  47  4:15  Overlord  
  46  4:21  Drone  
  46  4:23  Drone, Evolution Chamber  
  47  4:25  Drone  
  47  4:29  Drone  
  47  4:30  Drone  
  50  4:32  Drone  
  51  4:50  Drone x2  
  51  4:52  Zerg Missile Weapons Level 1  
  53  4:53  Hatchery  
  53  4:55  Overlord  
  53  4:57  Baneling  
  52  5:05  Zergling x10  
  52  5:06  Baneling  
  57  5:12  Roach Warren  
  56  5:16  Drone x3  
  56  5:20  Drone  
  56  5:21  Drone x2  
  60  5:25  Extractor x2  
  60  5:26  Overlord  
  59  5:29  Drone  
  59  5:34  Drone x2  
  59  5:35  Drone  
  63  5:38  Drone x2  
  63  5:40  Drone  
  66  5:44  Drone x2  
  66  5:52  Overlord  
  66  5:53  Drone  
  66  5:55  Drone  
  66  6:00  Overlord  
  66  6:02  Lair  
  65  6:07  Baneling  
  65  6:08  Drone x4, Baneling  
  68  6:16  Overlord  
  68  6:17  Roach  
  68  6:18  Roach  
  72  6:19  Drone x2  
  72  6:21  Extractor  
  73  6:26  Roach x3  
  78  6:34  Roach x3  
  78  6:38  Drone x2  
  86  6:43  Roach x3  
  90  6:47  Roach  
  90  6:48  Zergling x12  
  90  6:51  Overlord  
  98  6:58  Roach  
  100  7:01  Roach  
  100  7:02  Zergling x2  
  103  7:10  Baneling  
Show
View Real Time Build Order
Export as new Build Order

DPGrogue Zerg 

Build Orders: Hatch First 

Get SALT Encoding   

  12  0:01  Drone  
  13  0:12  Overlord  
  13  0:17  Drone  
  14  0:31  Drone x2  
  16  0:48  Hatchery  
  15  0:51  Drone  
  15  0:54  Drone  
  17  0:57  Drone  
  18  1:08  Extractor  
  17  1:13  Spawning Pool  
  17  1:15  Drone  
  18  1:18  Drone  
  18  1:27  Drone  
  19  2:00  Queen x2, Zergling x6  
  19  2:01  Zergling x2  
  27  2:13  Zergling x2  
  28  2:21  Metabolic Boost  
  18  2:31  Zergling x2  
  18  2:35  Zergling x2  
  17  2:41  Zergling x2  
  18  2:46  Zergling x2  
  19  2:52  Zergling x2  
  19  2:55  Zergling x2  
  21  3:00  Zergling x2  
  21  3:05  Drone  
  23  3:10  Drone  
  24  3:15  Drone  
  25  3:22  Drone  
  25  3:26  Overlord  
  26  3:31  Drone  
  27  3:36  Drone  
  28  3:45  Drone  
  28  3:46  Drone x2  
  30  3:51  Drone x2  
  32  3:56  Drone  
  32  4:00  Drone  
  32  4:06  Overlord  
  32  4:10  Drone x2  
  34  4:17  Baneling Nest  
  34  4:19  Drone  
  34  4:22  Drone  
  35  4:27  Drone x2  
  35  4:29  Drone  
  38  4:33  Drone  
  38  4:35  Drone x2  
  41  4:40  Overlord  
  41  4:43  Drone  
  42  4:46  Evolution Chamber  
  42  4:50  Drone x2  
  43  5:04  Hatchery  
  42  5:08  Drone x2  
  42  5:09  Drone  
  42  5:10  Baneling x2  
  42  5:13  Extractor  
  44  5:14  Drone x2, Extractor  
  44  5:22  Drone x5  
  44  5:27  Zerg Ground Armor Level 1  
  49  5:32  Zergling x4  
  51  5:37  Baneling  
  51  5:43  Roach Warren  
  51  5:48  Queen  
  51  5:49  Baneling x2  
  52  5:55  Zergling x6  
  52  5:56  Baneling x2  
  51  6:07  Zergling x2, Overlord x2  
  51  6:08  Overlord  
  52  6:12  Overlord  
  52  6:14  Overlord  
  52  6:16  Queen  
  54  6:22  Zergling x8  
  58  6:30  Roach x4  
  65  6:38  Overlord  
  62  6:44  Roach  
  62  6:47  Roach  
  62  6:53  Roach  
  62  6:54  Roach x3  
  72  7:01  Roach x2  
Tags
 
Add a new tag
Caveats
  • Supply blocks, unpowered buildings, or Contaminate may cause inaccurate times.
  • Supply counts are checked every 10 seconds.